 Dungeon Crawl Stone Soup version 0.26-a0-663-g36e8fdb655 (webtiles) character file.

Game seed: 3452088642436030702

159 jiml777 the Grasshopper (level 5, 0/96 HPs)
             Began as a Gnoll Warper on Oct 11, 2020.
             Succumbed to a goblin's poison
             ... on level 2 of the Dungeon.
             The game lasted 00:07:56 (1766 turns).

jiml777 the Grasshopper (Gnoll Warper)              Turns: 1766, Time: 00:07:57

Health: 0/96       AC: 22    Str: 12 (13) XL:     5   Next: 40%
Magic:  12/12      EV:  2    Int: 14 (16) God:
Gold:   39         SH:  0    Dex: 12 (15) Spells: 14/14 levels left

rFire    . . .     SeeInvis .   a - +0 spear
rCold    . . .     Faith    .   (no shield)
rNeg     + + +     Spirit   .   (armour currently unavailable)
rPois    +         Reflect  .   (helmet currently unavailable)
rElec    .         Harm     .   (cloak currently unavailable)
rCorr    .         Rampage  .   (gloves currently unavailable)
MR       .....     NoTele   +   (boots currently unavailable)
Stlth    ..........             (no amulet)
HPRegen  0.26/turn              (no ring)
MPRegen  0.13/turn              (no ring)

@: berserking, lethally poisoned (0 -> -2), tree-form, very quick
A: distributed training, strong nose
a: no special abilities


You were on level 2 of the Dungeon.
You were a tree.
You visited 1 branch of the dungeon, and saw 2 of its levels.

You collected 39 gold pieces.

Inventory:

Hand Weapons
 a - a +0 spear (weapon)
Missiles
 e - 5 boomerangs of dispersal
 h - 52 arrows
 l - 19 sling bullets
 n - 28 poisoned darts (quivered)
 q - 7 curare-tipped darts
Armour
 b - a +0 leather armour
 i - a cursed +0 helmet (melded)
 r - a +0 cloak (melded)
 s - a +0 scale mail (melded)
Wands
 o - a wand of flame (24)
Scrolls
 c - a scroll of teleportation {unknown}
 d - a scroll of blinking
 g - a scroll of identify {unknown}
Potions
 f - a potion of lignification
 m - 2 potions of degeneration


   Skills:
 + Level 4.8 Fighting
 + Level 1.4 Short Blades
 + Level 1.4 Long Blades
 + Level 1.4 Axes
 + Level 1.4 Maces & Flails
 + Level 4.8 Polearms
 + Level 1.4 Staves
 + Level 1.4 Slings
 + Level 1.4 Bows
 + Level 1.4 Crossbows
 + Level 3.0 Throwing
 + Level 3.0 Armour
 + Level 4.8 Dodging
 + Level 1.4 Stealth
 + Level 1.4 Shields
 + Level 1.4 Unarmed Combat
 + Level 5.2 Spellcasting
 + Level 1.1 Conjurations
 + Level 1.1 Hexes
 + Level 1.1 Summonings
 + Level 1.1 Necromancy
 + Level 5.5 Translocations
 + Level 1.1 Transmutations
 + Level 1.1 Fire Magic
 + Level 1.1 Ice Magic
 + Level 1.1 Air Magic
 + Level 1.1 Earth Magic
 + Level 1.1 Poison Magic
 + Level 1.6 Invocations
 + Level 1.4 Evocations


You had 14 spell levels left.
You didn't know any spells.
Your spell library contained the following spells:

 Spells                   Type           Power        Failure   Level
 Blink                    Tloc           N/A          2%          2
 Gell's Gravitas          Tloc           ###.......   5%          3
 Lesser Beckoning         Tloc           ###.......   5%          3
 Teleport Other           Tloc           ###.....     5%          3
 Passage of Golubria      Tloc           N/A          17%         4


Dungeon Overview and Level Annotations

Branches:
Dungeon (2/15)

Altars:
Ashenzari


Innate Abilities, Weirdness & Mutations

Your experience applies equally to all skills.
((You have very sharp teeth.))
Your uncanny sense of smell can sniff out nearby items.


Message History

You feel yourself moving faster!
You feel mighty!
* * * LOW HITPOINT WARNING * * *
You feel sick.
The hobgoblin hits you but does no damage.
Robin hits you but does no damage. The goblin hits you but does no damage.
You puncture Robin!
You kill Robin!
Your Throwing skill increases to level 3!
Your Armour skill increases to level 3!
The hobgoblin hits you but does no damage.
You puncture the hobgoblin!
You kill the hobgoblin!
The goblin hits you but does no damage.
You closely miss the goblin.
* * * LOW HITPOINT WARNING * * *
You feel sick.
You puncture the goblin!
You kill the goblin!
You feel a strong urge to attack something.
You die...

#.###...# ##.###...# ∆
#######...##...####
........_...........
##...##...####.#####
<.#..###[## #.###
##...###.# #...#
###......# #.#)# #
#......# ##.#♣########
#.###..# #...†)......)
#.###.######.#.########
#............#.#
##############.# #.#
#.# #.# #.#


There were no monsters in sight!

Vanquished Creatures
  Terence (D:2)
  Natasha (D:2)
  Robin (D:2)
  An adder (D:2)
  2 oozes (D:1)
  3 worms (D:2)
  3 dart slugs
  A leopard gecko (D:2)
  10 bats
  A giant cockroach (D:1)
  7 goblins
  11 hobgoblins
  7 jackals (D:1)
  A quokka (D:2)
  4 frilled lizards
  5 kobolds (D:1)
  5 rats
64 creatures vanquished.

Notes
Turn   | Place    | Note
-------+----------+-------------------------------------------
     0 | D:1      | jiml777 the Gnoll Warper began the quest for the Orb.
     0 | D:1      | Reached XP level 1. HP: 20/20 MP: 6/6
     7 | D:1      | Noticed a redback
     7 | D:1      | Noticed a swamp drake
     7 | D:1      | Noticed a komodo dragon
     7 | D:1      | Noticed a polar bear
    99 | D:1      | Reached XP level 2. HP: 24/26 MP: 7/7
   586 | D:1      | Reached XP level 3. HP: 31/31 MP: 9/9
   662 | D:1      | Reached skill level 5 in Spellcasting
   804 | D:1      | Reached skill level 1 in Invocations
  1011 | D:2      | Reached skill level 1 in Short Blades
  1011 | D:2      | Reached skill level 1 in Long Blades
  1011 | D:2      | Reached skill level 1 in Axes
  1011 | D:2      | Reached skill level 1 in Maces & Flails
  1011 | D:2      | Reached skill level 1 in Staves
  1011 | D:2      | Reached skill level 1 in Slings
  1011 | D:2      | Reached skill level 1 in Bows
  1011 | D:2      | Reached skill level 1 in Crossbows
  1011 | D:2      | Reached skill level 1 in Stealth
  1011 | D:2      | Reached skill level 1 in Shields
  1011 | D:2      | Reached skill level 1 in Unarmed Combat
  1011 | D:2      | Reached skill level 1 in Evocations
  1038 | D:2      | Reached XP level 4. HP: 34/38 MP: 11/11
  1281 | D:2      | Reached skill level 1 in Conjurations
  1281 | D:2      | Reached skill level 1 in Hexes
  1281 | D:2      | Reached skill level 1 in Summonings
  1281 | D:2      | Reached skill level 1 in Necromancy
  1281 | D:2      | Reached skill level 1 in Transmutations
  1281 | D:2      | Reached skill level 1 in Fire Magic
  1281 | D:2      | Reached skill level 1 in Ice Magic
  1281 | D:2      | Reached skill level 1 in Air Magic
  1281 | D:2      | Reached skill level 1 in Earth Magic
  1281 | D:2      | Reached skill level 1 in Poison Magic
  1363 | D:2      | Noticed Natasha
  1381 | D:2      | Killed Natasha
  1615 | D:2      | Found a broken altar of Ashenzari.
  1636 | D:2      | Noticed Terence
  1664 | D:2      | Killed Terence
  1664 | D:2      | Reached XP level 5. HP: 36/43 MP: 12/12
  1734 | D:2      | Noticed Robin
  1759 | D:2      | HP: 1/64 [hobgoblin[Robin] (4)]
  1761 | D:2      | Killed Robin
  1766 | D:2      | Succumbed to a goblin's poison

Illustrated notes

Levels and vault maps discovered:
D:1:      onia_arrival_zoo_common, layout_basic
D:2:      kennysheep_six_static_rooms, layout_loops_ring,
          nicolae_overflow_crystal_walls, minmay_vboxes, uniq_natasha,
          uniq_crazy_yiuf_cottage, uniq_terence, uniq_robin

Skill      XL: |  1  2  3  4  5 |
---------------+----------------+-----
Spellcasting   | 5 |  5.2
Invocations    | 1 |  1.6
Short Blades   | 1 |  1.4
Long Blades    | 1 |  1.4
Axes           | 1 |  1.4
Maces & Flails | 1 |  1.4
Staves         | 1 |  1.4
Slings         | 1 |  1.4
Bows           | 1 |  1.4
Crossbows      | 1 |  1.4
Stealth        | 1 |  1.4
Shields        | 1 |  1.4
Unarmed Combat | 1 |  1.4
Evocations     | 1 |  1.4
Conjurations   | 1 |  1.1
Hexes          | 1 |  1.1
Summonings     | 1 |  1.1
Necromancy     | 1 |  1.1
Transmutations | 1 |  1.1
Fire Magic     | 1 |  1.1
Ice Magic      | 1 |  1.1
Air Magic      | 1 |  1.1
Earth Magic    | 1 |  1.1
Poison Magic   | 1 |  1.1
Throwing       | 3 |  3.0
Armour         | 3 |  3.0
Fighting       | |  4.8
Polearms       | |  4.8
Dodging        | |  4.8
Translocations | |  5.5

Action                   |  1- 3 |  4- 6 || total
-------------------------+-------+-------++-------
Melee: Spear             |   165 |   134 ||   299
       Bite              |    12 |    15 ||    27
       Punch             |     1 |       ||     1
  Use: Potion            |       |     4 ||     4
Armor: Leather armour    |    23 |       ||    23
       Chain mail        |    58 |    59 ||   117
       Skin              |       |    11 ||    11
       Scale mail        |       |    10 ||    10
Dodge: Dodged            |   106 |    47 ||   153

Table legend: (Time is in decaauts)
 A = Elapsed time spent in this place.
 B = Non-inter-level travel time spent in this place.
 C = Inter-level travel time spent in this place.
 D = Time resting spent in this place.
 E = Time spent auto-exploring this place.
 F = Levels seen in this place.
 G = Mean time per level.
                   A        B        C        D        E       F      G
               +--------+--------+--------+--------+--------+-----+--------+
         Total |   1732 |   1718 |     14 |    352 |    740 |   2 |  866.0 |
       Dungeon |   1732 |   1718 |     14 |    352 |    740 |   2 |  866.0 |
               +--------+--------+--------+--------+--------+-----+--------+

Top non-repeatable levels by time:
     D:1: 966 daAuts
     D:2: 765 daAuts
